 Dungeon Crawl Stone Soup version 0.21-a0-153-g78480df (webtiles) character file.

125591 4thArraOfDagon the Cleaver (level 16, -6/122 HPs)
             Began as a Mummy Warper on July 31, 2017.
             Was a High Priest of Cheibriados.
             Killed from afar by a deep elf annihilator (47 damage)
             ... with an iron shot
             ... on level 3 of the Elven Halls.
             The game lasted 01:20:32 (17624 turns).

4thArraOfDagon the Cleaver (Mummy Warper)          Turns: 17624, Time: 01:20:33

Health: -6/122     AC: 22    Str: 30    XL:     16   Next: 41%
Magic:  24/28      EV: 19    Int: 27    God:    Cheibriados [*****.]
Gold:   464        SH: 10    Dex: 33    Spells: 13/31 levels left

rFire    x . .     SeeInvis .   W - +3 broad axe (elec)
rCold    + . .     Gourm    .   x - +2 buckler
rNeg     + + +     Faith    .   v - +2 plate armour {MR+}
rPois    ∞         Spirit   .   C - +0 helmet
rElec    .         Reflect  .   H - +2 cloak
rCorr    .         Harm     .   V - +0 pair of gloves {archery}
MR       ++++.                  (no boots)
Stlth    ..........             s - amulet of regeneration
HPRegen  0.70/turn              f - ring of protection from magic
MPRegen  0.21/turn              F - ring of the Foremost Lies {rPois EV+1 Dex+6}

@: very slow
A: no food or potions, fire vulnerability, cold resistance 1, negative energy
resistance 3, torment resistance, unbreathing, in touch with death 1
a: Bend Time, Temporal Distortion, Slouch, Step From Time, Renounce Religion


You were on level 3 of the Elven Halls.
You worshipped Cheibriados.
Cheibriados was extremely pleased with you.
You were not hungry.

You visited 4 branches of the dungeon, and saw 26 of its levels.
You also visited: Labyrinth.

You collected 1618 gold pieces.
You spent 1154 gold pieces at shops.

Inventory:

Hand Weapons
 b - a +5 broad axe of chopping
 n - a +2 battleaxe of flaming
 R - the +7 morningstar of Light {crush, +Blink +Rage Stlth-}
   (You took it off a kobold demonologist on level 12 of the Dungeon)

   It inflicts extra damage upon your enemies.
   It lets you blink.
   It lets you go berserk.
   It makes you less stealthy.
 W - a +3 broad axe of electrocution (weapon)
Missiles
 e - a tomahawk of dispersal (quivered)
 w - 11 steel tomahawks
Armour
 v - a +2 plate armour of magic resistance (worn)
 x - a +2 buckler (worn)
 C - a +0 helmet (worn)
 H - a +2 cloak (worn)
 K - a +0 troll leather armour
 V - a +0 pair of gloves of archery (worn)
Magical Staves
 X - an uncursed staff of death
Jewellery
 c - an uncursed ring of resist corrosion
 f - a ring of protection from magic (left hand)
 s - an amulet of regeneration (around neck)
 F - the ring of the Foremost Lies (right hand) {rPois EV+1 Dex+6}
   (You found it on level 13 of the Dungeon)

   [ring of evasion]

   It affects your evasion (+1).
   It affects your dexterity (+6).
   It protects you from poison.
 Q - an uncursed ring of wizardry
Wands
 a - a wand of clouds (4/9)
 d - a wand of enslavement (13/24)
 h - a wand of confusion (23/48)
 i - a wand of clouds (0/9)
 o - a wand of acid (3/15)
 p - a wand of polymorph (9/24)
 r - a wand of iceblast (0/15)
 z - a wand of digging (6/24)
 B - a wand of iceblast (0/15)
 D - a wand of confusion (18/48)
 E - a wand of acid (0/15)
 G - a wand of paralysis (0/24)
 I - a wand of flame (24/48)
 L - a wand of confusion (21/48)
 M - a wand of iceblast (0/15)
 P - a wand of lightning (0/15)
 S - a wand of paralysis (12/24)
 U - a wand of iceblast (10/15)
 Y - a wand of lightning (10/15)
Scrolls
 g - 12 scrolls of remove curse
 j - 2 scrolls of magic mapping
 k - a scroll of teleportation
 m - a scroll of fear
 q - 2 scrolls of fog
 t - 4 scrolls of immolation
 y - 4 scrolls of enchant armour
 A - 3 scrolls of amnesia
 J - 5 scrolls of blinking
 Z - a scroll of identify
Books
 l - a Necronomicon

   Spells                             Type                      Level
   a - Haunt                          Necromancy/Summoning         7
   b - Borgnjor's Revivification      Necromancy                   8
   c - Death's Door                   Charms/Necromancy            8
   d - Infestation                    Necromancy                   8
   e - Necromutation                  Transmutation/Necromancy     8
 O - a book of Geomancy

   Spells                             Type                      Level
   a - Sandblast                      Earth                        1
   b - Passwall                       Transmutation/Earth          2
   c - Stone Arrow                    Conjuration/Earth            3
   d - Petrify                        Transmutation/Earth          4
   e - Lee's Rapid Deconstruction     Earth                        5
 T - a book of the Earth

   Spells                             Type                      Level
   a - Leda's Liquefaction            Hexes/Earth                  4
   b - Bolt of Magma                  Conjuration/Fire/Earth       5
   c - Statue Form                    Transmutation/Earth          6
   d - Iron Shot                      Conjuration/Earth            6
   e - Shatter                        Earth                        9
Miscellaneous
 N - a sack of spiders


   Skills:
 - Level 10.1 Fighting
 * Level 13.2 Axes
 - Level 0.7 Throwing
 + Level 9.6 Armour
 + Level 9.9 Dodging
 - Level 5.0 Shields
 + Level 8.4 Spellcasting
 * Level 10.3 Necromancy
 - Level 2.4 Translocations
 + Level 10.3 Invocations
 - Level 3.2 Evocations


You had 13 spell levels left.
You knew the following spells:

 Your Spells              Type           Power        Failure   Level  Hunger
a - Infestation           Necr           #######...   100%        8    N/A
b - Blink                 Tloc           N/A          21%         2    N/A
c - Passage of Golubria   Tloc           N/A          80%         4    N/A
d - Lesser Beckoning      Tloc           ###.......   38%         3    N/A
e - Apportation           Tloc           ###...       14%         1    N/A

Dungeon Overview and Level Annotations

Branches:
Dungeon (15/15)            Temple (0/1) D:6            Lair (6/6) D:10
  Swamp (0/4) Lair:3        Snake (0/4) Lair:3        Slime (0/5) Lair:6
    Orc (2/2) D:9             Elf (3/3) Orc:2
 Vaults: D:13-14     Depths: D:15

Altars:
Cheibriados
Dithmenos
Elyvilon
Fedhas
Hepliaklqana
Okawaru
Ru
Uskayaw
The Shining One
Beogh

Shops:
D:5 *   D:6 (([(*   Orc:1 ?}**   Orc:2 *=!(

Annotations:
Lair:1 exclusion: 2 oklob plants


Innate Abilities, Weirdness & Mutations

You do not eat or drink.
Your flesh is vulnerable to fire.
You are immune to poison.
Your flesh is cold resistant. (rC+)
You are immune to negative energy. (rN+++)
You are immune to unholy pain and torment.
You can survive without breathing.
You are in touch with the powers of death.


Message History

Unknown command.
You start resting.
Unknown command.
You hit the deep elf annihilator but do no damage.
The deep elf annihilator is moderately wounded.
The deep elf annihilator hits you with a long sword of slicing.
Unknown command.
Your plate armour prevents you from hitting the deep elf annihilator.
The deep elf annihilator is moderately wounded.
The deep elf annihilator points at you and mumbles some strange words.
You block the poison arrow.
You hear a shout!
Unknown command.
You hit the deep elf annihilator.
Lightning courses through the deep elf annihilator!
The deep elf annihilator is severely wounded.
The deep elf annihilator looks more healthy.
The deep elf annihilator gestures at you while chanting.
The iron shot hits you!
You die...

*,***,,,,,*#e#*,,,,
##
*,*,,,,,####.#***,,
#.# *,,,,,###..#.#
*** #.#
*,,,###....#.# *
#.#*,*##..).)##.#
#.#**#...)e..#.##
#.# #.)*e...e..# ##
#.###.###....## #.
#@#.## #....# *#
##e########.# *
#.####......#
##.....%(...#
#..........######
#................
#..........#####.
#####..##### ##.#
#.## ##.#.


You could see a deep elf annihilator.

Vanquished Creatures
  Gastronok (D:8)
  Kirke (D:13)
  2 deep elf sorcerers
  3 orc warlords
  2 deep elf elementalists (Elf:3)
  3 deep elf demonologists (Elf:3)
  Azrael (D:13)
  3 deep elf annihilators (Elf:3)
  A deep elf high priest (Elf:3)
  Harold (D:12)
  5 hydras
  3 centaur warriors
  6 catoblepae
  11 dancing weapons
  6 two-headed ogres
  5 orc high priests
  Urug (D:12)
  8 death yaks (Lair:6)
  6 deep elf knights
  Nergalle (Lair:3)
  An unseen horror (shapeshifter) (D:13)
  3 unseen horrors
  7 deep elf archers
  5 orc knights
  3 orc sorcerers (Orc:2)
  A wolf spider (D:12)
  An orb spider (shapeshifter) (D:14)
  22 deep elf magi
  5 ugly things
  2 cyclopes
  A moth of wrath (shapeshifter) (D:12)
  Maurice (D:9)
  A guardian serpent (shapeshifter) (D:13)
  2 torpor snails
  4 manticores
  Joseph (D:7)
  5 black mambas
  10 spiny frogs
  2 gargoyles
  2 centaur skeletons (D:13)
  A kobold demonologist (D:12)
  A rime drake (Lair:3)
  A freezing wraith (D:14)
  3 komodo dragons
  9 trolls
  2 polar bears (Lair:3)
  3 slime creatures (D:13)
  A hornet (D:11)
  31 blink frogs
  12 hippogriffs
  Grinder (D:4)
  3 dream sheep (Lair:2)
  A vampire (D:10)
  58 yaks
  4 water elementals
  2 air elementals
  A basilisk (D:12)
  4 fire elementals
  3 wraiths
  2 wyverns
  A hungry ghost (D:13)
  10 hogs
  A steam dragon (D:11)
  2 humans
  Eustachio (D:5)
  8 vampire mosquitoes
  2 soldier ants (D:7)
  2 nagas (Lair:3)
  2 acid dragons (D:12)
  6 wargs
  5 hell hounds (D:13)
  2 water moccasins
  6 porcupines
  3 ice beasts
  A phantom (D:5)
  A necrophage (D:9)
  6 sky beasts
  3 black bears
  A black bear (shapeshifter) (D:13)
  A hornet zombie (D:14)
  32 orc warriors
  11 ogres
  10 centaurs
  The ghost of 4thArraOfDagon the Slasher, an amateur FoWr (D:4)
  An eye of draining (D:13)
  5 wolves (Lair:4)
  13 crocodiles
  4 big kobolds
  A gnoll sergeant (D:12)
  15 bullfrogs
  2 wyvern zombies (D:12)
  A wyvern skeleton (D:14)
  An earth elemental (Elf:3)
  2 water moccasin zombies
  7 scorpions
  4 killer bees (D:10)
  12 wights
  2 howler monkeys
  2 electric eels (Lair:4)
  5 crimson imps
  A bullfrog zombie (D:12)
  2 centaur zombies
  3 jellies
  8 hounds
  32 orc wizards
  A quasit (D:9)
  3 bullfrog skeletons
  6 iguanas
  22 orc priests
  14 worker ants
  A hound zombie (D:6)
  A worker ant zombie (D:6)
  12 adders
  4 gnolls (D:4)
  A howler monkey skeleton (D:5)
  7 shadow imps
  2 oozes
  An adder zombie (D:9)
  2 adder skeletons
  3 worms
  5 dart slugs
  3 leopard geckos
  122 orcs
  12 bats
  11 giant cockroaches
  5 goblins
  8 hobgoblins
  9 jackals
  3 quokkas
  2 ball pythons (D:2)
  3 frilled lizards
  23 kobolds
  A leopard gecko zombie (D:9)
  2 quokka skeletons (D:9)
  4 rats
  A butterfly (D:7)
  8 fungi
  4 plants
839 creatures vanquished.

Vanquished Creatures (collateral kills)
  A minotaur (Lab)
1 creature vanquished.

Vanquished Creatures (others)
  An unseen horror (D:15)
  An orc priest (Orc:2)
  2 orcs
  5 fungi
  5 plants
14 creatures vanquished.

Grand Total: 854 creatures vanquished

Notes
Turn   | Place    | Note
-------+----------+-------------------------------------------
     0 | D:1      | 4thArraOfDagon the Mummy Warper began the quest for the Orb.
     0 | D:1      | Reached XP level 1. HP: 16/16 MP: 4/4
     0 | D:1      | 4thArraOfDagon: time to win something
   285 | D:1      | Reached skill level 1 in Armour
   299 | D:1      | Reached skill level 2 in Axes
   300 | D:1      | Reached XP level 2. HP: 8/22 MP: 5/5
   533 | D:1      | Found a snail-covered altar of Cheibriados.
   545 | D:1      | Became a worshipper of Cheibriados the Contemplative
   993 | D:1      | Reached XP level 3. HP: 21/27 MP: 7/7
  1209 | D:2      | Reached * piety under Cheibriados
  1292 | D:2      | Found a hide-covered altar of Uskayaw.
  1549 | D:3      | Reached XP level 4. HP: 31/33 MP: 8/8
  1662 | D:3      | Found a white marble altar of Elyvilon.
  1815 | D:3      | Reached ** piety under Cheibriados
  1924 | D:3      | Reached skill level 3 in Axes
  2288 | D:3      | Reached skill level 1 in Invocations
  2288 | D:3      | Reached XP level 5. HP: 33/39 MP: 9/9
  2292 | D:3      | Found a glowing golden altar of the Shining One.
  2503 | D:4      | Noticed Eustachio
  2510 | D:5      | Entered Level 5 of the Dungeon
  2531 | D:5      | Vidiiot: Yeah gl :P
  2536 | D:5      | Found Ceaxkais's Assorted Antiques.
  2548 | D:5      | Killed Eustachio
  2548 | D:5      | Reached XP level 6. HP: 25/47 MP: 10/10
  2553 | D:5      | Bought a scroll labeled OKUS ATUFO for 21 gold pieces
  2553 | D:5      | Bought a scroll labeled PEURPH CON OQI for 21 gold pieces
  2573 | D:5      | 4thArraOfDagon: o hi
  2656 | D:5      | Vidiiot: heey
  2745 | D:5      | Reached skill level 4 in Axes
  2751 | D:5      | Reached *** piety under Cheibriados
  2767 | D:5      | Reached XP level 7. HP: 49/52 MP: 11/11
  2998 | D:6      | Found Gotaf Fog's General Store.
  3088 | D:6      | Found a staircase to the Ecumenical Temple.
  3102 | D:6      | Found Muthryub's Antique Weapon Boutique.
  3132 | D:6      | Found a shadowy altar of Dithmenos.
  3132 | D:6      | Found a blossoming altar of Fedhas.
  3132 | D:6      | Found a snail-covered altar of Cheibriados.
  3155 | D:6      | Found Vopuavam's Weapon Boutique.
  3364 | D:6      | Found Toliolic's Weapon Shoppe.
  3428 | D:6      | Reached XP level 8. HP: 55/60 MP: 12/12
  3679 | D:6      | Reached **** piety under Cheibriados
  3686 | D:6      | Found Gady's Antique Armour Boutique.
  3692 | D:6      | 4thArraOfDagon: so hopeless shops :S
  3729 | D:5      | Reached skill level 5 in Axes
  3886 | D:4      | Noticed 4thArraOfDagon's ghost (amateur FoWr)
  3891 | D:4      | Killed 4thArraOfDagon's ghost
  3973 | D:4      | Noticed Grinder
  3990 | D:4      | Killed Grinder
  4725 | D:7      | Reached skill level 5 in Fighting
  4752 | D:7      | Reached XP level 9. HP: 48/68 MP: 13/13
  4766 | D:7      | Noticed Joseph
  4774 | D:7      | Killed Joseph
  4774 | D:7      | Reached skill level 6 in Axes
  5069 | D:7      | Found a runed door.
  5380 | D:7      | Found a runed door.
  5385 | D:7      | Reached ***** piety under Cheibriados
  5453 | D:6      | Bought a +1 broad axe of chopping for 182 gold pieces
  5509 | D:8      | Reached skill level 5 in Dodging
  5530 | D:9      | Found a sacrificial altar of Ru.
  5531 | D:9      | Vidiiot: gl mT
  5788 | D:9      | Noticed a two-headed ogre
  5795 | D:9      | Killed a two-headed ogre
  5795 | D:9      | Reached skill level 7 in Axes
  5795 | D:9      | Reached skill level 5 in Armour
  5795 | D:9      | Reached skill level 5 in Invocations
  5795 | D:9      | Reached XP level 10. HP: 65/76 MP: 14/14
  5831 | D:9      | Found a staircase to the Orcish Mines.
  5898 | D:9      | Noticed Maurice
  5921 | D:9      | Killed Maurice
  6127 | D:8      | Noticed a two-headed ogre
  6129 | D:8      | Noticed Gastronok
  6137 | D:8      | Killed a two-headed ogre
  6278 | D:8      | Found an iron altar of Okawaru.
  6412 | D:8      | Reached skill level 8 in Axes
  6505 | D:10     | Entered Level 10 of the Dungeon
  6581 | D:12     | Noticed a seven-headed hydra
  6641 | D:12     | Noticed a manticore
  6653 | D:12     | Killed a manticore
  6798 | D:12     | Noticed a gargoyle
  7028 | D:12     | Killed an unseen horror
  7070 | D:11     | Reached XP level 11. HP: 68/84 MP: 15/15
  7191 | D:12     | Noticed Urug
  7198 | D:11     | HP: 3/84 [warg (3)]
  7670 | D:9      | Reached skill level 1 in Evocations
  7727 | D:8      | Found a hazy altar of Hepliaklqana.
  8001 | D:10     | Reached skill level 9 in Axes
  8427 | D:11     | Noticed a two-headed ogre
  8807 | D:12     | Killed a seven-headed hydra
  8908 | D:12     | Noticed Harold
  9041 | D:12     | Noticed a deep elf mage
  9058 | D:12     | Killed a deep elf mage
  9058 | D:12     | Reached XP level 12. HP: 33/92 MP: 17/17
  9114 | D:12     | Noticed a centaur warrior
  9178 | D:12     | Killed a centaur warrior
  9443 | D:12     | Noticed a two-headed ogre
  9448 | D:12     | Killed a two-headed ogre
  9472 | D:12     | Got a shimmering morningstar {crush}
  9472 | D:12     | Got a shimmering robe
  9473 | D:12     | Identified the +7 morningstar of Light {crush, +Blink +Rage Stlth-} (You took it off a kobold demonologist on level 12 of the Dungeon)
  9614 | D:12     | Killed Harold
  9614 | D:12     | Reached skill level 10 in Axes
  9731 | D:12     | Killed Urug
  9785 | D:13     | Noticed Kirke
  9791 | D:13     | Noticed a two-headed ogre
  9806 | D:14     | Found a labyrinth entrance.
  9819 | Lab      | Entered a labyrinth
 10210 | Lab      | Noticed a minotaur
 10217 | Lab      | Killed a minotaur
 10219 | Lab      | Got a faintly glowing morningstar {venom}
 10219 | Lab      | Got a warped chain mail
 10224 | Lab      | Got ancient steam dragon scales
 10225 | Lab      | Identified the +1 steam dragon scales of Lurch {Dex+5} (You found it in a labyrinth)
 10236 | Lab      | Identified the +8 chain mail "Anagaim" {rPois Int+2 Dex+2} (You took it off a minotaur in a labyrinth)
 10236 | Lab      | Identified the cursed +1 morningstar of Sichutax {venom, rPois Dex+2} (You took it off a minotaur in a labyrinth)
 10261 | Lab      | Identified the +0 robe of Miracles {rN+ Regen+ Int+4} (You took it off a kobold demonologist on level 12 of the Dungeon)
 10306 | D:15     | Entered Level 15 of the Dungeon
 10328 | D:15     | Noticed a tengu warrior
 10522 | D:13     | Reached ****** piety under Cheibriados
 10533 | D:13     | Killed a two-headed ogre
 10533 | D:13     | Gained mutation: You are in touch with the powers of death. [Mummy growth]
 10533 | D:13     | Reached XP level 13. HP: 62/101 MP: 19/19
 10565 | D:13     | Learned a level 8 spell: Infestation
 10590 | D:13     | Reached skill level 1 in Necromancy
 10664 | D:13     | Killed Kirke
 10664 | D:13     | Reached skill level 11 in Axes
 10666 | D:13     | Noticed Azrael
 10669 | D:13     | Killed Azrael
 10920 | D:13     | Reached skill level 1 in Shields
 10981 | D:13     | Got a pitted lead ring
 10986 | D:13     | Identified the ring of the Foremost Lies {rPois EV+1 Dex+6} (You found it on level 13 of the Dungeon)
 11648 | Orc:1    | Entered Level 1 of the Orcish Mines
 11709 | Orc:1    | Found Wushaugi's Gadget Emporium.
 11782 | Orc:1    | Found Vulaehie's General Store.
 11807 | Orc:1    | Found a roughly hewn altar of Beogh.
 11807 | Orc:1    | Noticed an orc warlord
 11822 | Orc:1    | Killed an orc warlord
 11904 | Orc:1    | Found a roughly hewn altar of Beogh.
 11922 | Orc:1    | Found Yvuqutt's Magic Scroll Emporium.
 11981 | Orc:2    | Entered Level 2 of the Orcish Mines
 11981 | Orc:2    | Found a staircase to the Elven Halls.
 11985 | Orc:2    | Noticed an orc warlord
 11997 | Orc:2    | Killed an orc warlord
 11997 | Orc:2    | Reached skill level 10 in Fighting
 11997 | Orc:2    | Reached XP level 14. HP: 70/110 MP: 5/21
 12212 | Orc:2    | Found Gonajimm's General Store.
 12266 | Orc:2    | Reached skill level 5 in Necromancy
 12326 | Orc:1    | Found Zimen's General Store.
 12341 | Orc:1    | Noticed an orc warlord
 12353 | Orc:1    | Killed an orc warlord
 12565 | Orc:2    | Reached skill level 5 in Spellcasting
 12591 | Orc:2    | Learned a level 2 spell: Blink
 12596 | Orc:2    | Learned a level 4 spell: Passage of Golubria
 12600 | Orc:2    | Learned a level 3 spell: Lesser Beckoning
 13015 | Orc:2    | Found Baefid's General Store.
 13015 | Orc:2    | Found Foac's Weapon Emporium.
 13017 | Orc:2    | Found Vycva's Distillery.
 13017 | Orc:2    | Found Olatz's Jewellery Boutique.
 13025 | Orc:2    | :(
 13028 | Orc:2    | :)
 13031 | Orc:2    | Bought an uncursed amulet of regeneration for 480 gold pieces
 13047 | Orc:2    | Bought a wand of clouds (4/9) for 360 gold pieces
 13167 | Elf:1    | Entered Level 1 of the Elven Halls
 13331 | Elf:3    | Entered Level 3 of the Elven Halls
 13427 | Elf:1    | Noticed a deep elf sorcerer
 13441 | Elf:1    | Killed a deep elf sorcerer
 13592 | Elf:1    | Reached skill level 12 in Axes
 13898 | Orc:1    | Bought a scroll of blinking for 90 gold pieces
 14150 | D:8      | Killed Gastronok
 14236 | D:10     | Found a staircase to the Lair.
 14245 | Lair:1   | Entered Level 1 of the Lair of Beasts
 14254 | Lair:1   | Reached skill level 5 in Shields
 14296 | Lair:1   | Learned a level 1 spell: Apportation
 14715 | Lair:3   | Reached XP level 15. HP: 115/115 MP: 24/24
 14788 | Lair:3   | Noticed Nergalle
 14796 | Lair:3   | Killed Nergalle
 14858 | Lair:3   | Found a staircase to the Snake Pit.
 14895 | Lair:3   | You fall through a shaft!
 15220 | Lair:3   | Found a staircase to the Swamp.
 15401 | Lair:6   | Entered Level 6 of the Lair of Beasts
 15800 | Lair:6   | Found a staircase to the Slime Pits.
 16795 | Elf:3    | Noticed a deep elf sorcerer
 16798 | Elf:3    | Reached skill level 10 in Invocations
 16801 | Elf:3    | Killed a deep elf sorcerer
 16926 | Elf:3    | Noticed a Tzitzimitl
 16926 | Elf:3    | Reached XP level 16. HP: 122/122 MP: 27/27
 16949 | Elf:3    | Reached skill level 13 in Axes
 17369 | Elf:3    | Reached skill level 10 in Necromancy
 17606 | Elf:3    | Noticed an Ice Fiend
 17624 | Elf:3    | Killed from afar by a deep elf annihilator

Vault maps used:
D:1:      lightli_arrival_farm, st_stairs_9, cheibriados_altar_1
D:2:      old_standard_altar
D:3:      tso_oasis_becter, elyvilon_altar_1
D:4:      uniq_grinder, uniq_eustachio
D:5:      serial_shops, shop, first_bread, serial_bayou_lagoon_a, uniq_menkaure
D:6:      gammafunk_temple_overflow_forgotten, temple_pool_b, serial_shops,
          shop, shop, nicolae_shop_behind_doors, shop, kennysheep_little_box
D:7:      lemuel_insect_pit, uniq_joseph
D:8:      kennysheep_okawaru_gauntlet, nicolae_overflow_crystal_walls,
          grunt_livestock, grunt_decor_one_mirror, minmay_misc_feat_plants,
          uniq_gastronok
D:9:      nicolae_ru_sacrificial_ziggurat, erik_orc_4, uniq_maurice
D:10:     grunt_lair_entry_orc_guard_hut
D:11:     stair_cage_line
D:12:     minmay_the_grid_octo_tiled_squarecenter, uniq_harold, uniq_urug
D:13:     minmay_guarded_unrand_finisher, uniq_kirke, uniq_azrael
D:14:     david_vaults_4, lab_entry_generic, uniq_snorg
D:15:     hangedman_depths_entry_civil_slaughter, serial_bayou,
          serial_bayou_pond_e, serial_bayou_crossing, serial_bayou_shore_a,
          serial_bayou_pond_d, serial_shops, shop_statue, uniq_rupert
Lair:1:   lemuel_fruit_tree, infiniplex_staircase_pool_2,
          minmay_lair_oklob_chamber, grunt_megastairs_4
Lair:3:   swamp_mist_pool, minmay_snake_entry_guardpost_small,
          grunt_megastairs_3, uniq_nergalle
Lair:4:   serial_bayou_lagoon_b
Lair:6:   evilmike_catoblepas_cave, dpeg_slime_entry_corner, st_stairs_12,
          serial_bayou_shore_b
Orc:1:    serial_shops, nicolae_shop_waterfront, nicolae_shop_crystal,
          nicolae_shop_window_shopping, shop, basic_altar, mines2_david
Orc:2:    grunt_orc_tribal_feast, serial_shops, shop
Elf:1:    gammafunk_sealed_library, minmay_elf_annihilation, minivault_11
Elf:2:    minmay_fountain_box, minmay_misc_feat_pillars, hex_tiny
Elf:3:    elf_hall, grunt_megastairs_2
Lab:      labyrinth_watery

Skill      XL: |  1  2  3  4  5  6  7  8  9 10 11 12 13 14 15 16 |
---------------+-------------------------------------------------+-----
Armour         | 1 2 3 4 5 6 7 8 9 |  9.6
Axes           | 2 3 4 5 7 8 9 10 11 12 13 | 13.2
Dodging        | 2 3 4 5 6 7 8 9 |  9.9
Invocations    | 1 2 3 5 6 7 8 9 10 | 10.3
Fighting       | 3 4 5 6 7 8 9 10 | 10.1
Evocations     | 3 |  3.2
Necromancy     | 4 7 9 10 | 10.3
Spellcasting   | 4 6 7 8 |  8.4
Shields        | 2 5 |  5.0
Throwing       | |  0.7
Translocations | |  2.4

Action                   |  1- 3 |  4- 6 |  7- 9 | 10-12 | 13-15 | 16-18 || total
-------------------------+-------+-------+-------+-------+-------+-------++-------
Melee: Hand axe          |   162 |   144 |       |       |       |       ||   306
       Whip              |       |    64 |   275 |       |       |       ||   339
       Broad axe         |       |       |    39 |   478 |   996 |   172 ||  1685
       Morningstar       |       |       |       |    67 |    18 |       ||    85
Throw: Tomahawk          |       |     2 |     1 |     1 |       |       ||     4
       Throwing net      |       |       |       |     2 |     3 |       ||     5
Invok: Slouch            |       |       |     2 |     8 |    19 |     3 ||    32
       Temporal Distorti |       |       |       |     5 |     2 |     1 ||     8
Evoke: Wand              |       |       |    11 |    29 |    18 |     6 ||    64
       Phantom mirror    |       |       |       |     1 |       |       ||     1
  Use: Scroll            |       |     2 |     7 |    22 |    11 |     2 ||    44
 Stab: Paralysed         |       |       |       |     5 |       |       ||     5
       Sleeping          |       |       |       |     3 |       |       ||     3
       Confused          |       |       |       |     1 |     3 |       ||     4
       Held in net/web   |       |       |       |     3 |     5 |       ||     8
       Distracted        |       |       |       |       |     1 |       ||     1
       Petrifying        |       |       |       |       |     2 |       ||     2
       Petrified         |       |       |       |       |     1 |       ||     1
Armor: Leather armour    |    42 |       |       |       |       |       ||    42
       Plate armour      |    29 |   166 |   163 |   214 |   214 |    40 ||   826
       Troll leather arm |       |       |       |    73 |    96 |       ||   169
Dodge: Dodged            |    86 |    79 |   159 |   465 |   812 |    81 ||  1682
Block: Buckler           |       |       |       |       |   319 |    51 ||   370
